 Seeded DCSS version 0.30-a0-715-gdb4ae3ece1 (webtiles) character file.

Game seed: 5430720872467839093 (custom seed)

130 OTABOTABOTAB the Firebug (level 5, 31/31 HPs)
             Began as an Octopode Fire Elementalist on Jan 23, 2023.
             Quit the game on level 2 of the Dungeon.
             The game lasted 00:05:45 (2172 turns).

OTABOTABOTAB the Firebug (OpFE)                     Turns: 2172, Time: 00:05:45

Health: 31/31      AC:  1    Str: 14    XL:     5   Next: 14%
Magic:  10/10      EV: 13    Int: 19    God:
Gold:   1725       SH:  0    Dex: 12    Spells: 8/11 levels left

rFire   . . .      SeeInvis .    c - +0 whip
rCold   + . .      Faith    .    (no shield)
rNeg    . . .      Spirit   .    (helmet restricted)
rPois   .          Reflect  .    (no amulet)
rElec   .          Harm     .    b - +6 ring of strength
rCorr   .          Rampage  .    C - ring of protection from cold {rC+, !d}
Will    .....                    (no ring)
Stlth   +++                      (no ring)
HPRegen 0.25/turn                (no ring)
MPRegen 0.12/turn                (no ring)
                                 (no ring)
                                 (no ring)

@: no status effects
A: almost no armour, amphibious, 8 rings, camouflage 1, gelatinous body 1,
(nimble swimmer 1), tentacles
a: no special abilities


You were on level 2 of the Dungeon.
You visited 1 branch of the dungeon, and saw 2 of its levels.

You collected 1725 gold pieces.

Inventory:

Hand Weapons
 a - a +0 dagger
   (You took it off a kobold on level 1 of the Dungeon)
 c - a +0 whip (weapon)
   (You found it on level 1 of the Dungeon)
Missiles
 s - 19 stones
Jewellery
 b - a +6 ring of strength (left tentacle)
   (You found it on level 1 of the Dungeon)
 C - a ring of protection from cold (right tentacle) {rC+, !d}
   (You found it on level 2 of the Dungeon)
Scrolls
 d - a scroll of brand weapon {unknown}
 f - a scroll of acquirement
 g - a scroll of enchant armour {unknown}
 i - 3 scrolls of amnesia {unknown}
 j - a scroll of identify {unknown}
 k - a scroll of noise {unknown}
 m - a scroll of teleportation {unknown}
 n - a scroll of torment {unknown}
 o - a scroll of fog {unknown}
 p - a scroll of immolation {unknown}
Potions
 e - a potion of mutation {unknown}
 h - a potion of attraction {unknown}
 l - 2 potions of curing {unknown}


   Skills:
 - Level 2.0 Dodging
 - Level 2.6 Stealth
 * Level 3.6 Spellcasting
 + Level 2.4 Conjurations
 + Level 3.8 Fire Magic


You had 8 spell levels left.
You knew the following spells:

 Your Spells              Type           Power      Damage    Failure   Level
a - Foxfire               Conj/Fire      60%        2x1d7     4%          1
b - Scorch                Fire           36%        2d7       4%          2

Your spell library contained the following spells:

 Spells                   Type           Power      Damage    Failure   Level
 Inner Flame              Hex/Fire       10%        N/A       21%         3
 Kindle Blastsparks       Fire/Tloc/Air  16%        2d11      26%         3
 Flame Wave               Conj/Fire      15%        2d7       36%         4
 Fireball                 Conj/Fire      7%         3d5       73%         5
 Iskenderun's Battlesphe  Conj           12%        2d7       83%         5
 Conjure Ball Lightning   Conj/Air       4%         3x3d6     100%        6
 Orb of Destruction       Conj           6%         9d6       100%        7


Dungeon Overview and Level Annotations

Branches:
Dungeon (2/15)

Altars:

Shops:
D:2 ?


Innate Abilities, Weirdness & Mutations

You cannot wear most types of armour.
You are amphibious.
You can wear up to eight rings at the same time.
Your skin changes colour to match your surroundings (Stealth+).
Your rubbery body absorbs attacks. (AC +1, EV +1)
((You are camouflaged when in or above water. (Stealth+)))
You have tentacles for arms and can constrict up to eight enemies at once.


Message History

You open the door.
There is an open door here.
There is a stone staircase leading down here.
You climb downwards.
There is a stone staircase leading up here.
An endoplasm is nearby!
An endoplasm is nearby!
You conjure some foxfire!
You now have 7/8 mp.
You conjure some foxfire!
The foxfire hits the endoplasm.
The endoplasm misses you.
You now have 6/8 mp.
You conjure some foxfire!
The foxfire hits the endoplasm. x2
You kill the endoplasm!
You now have 5/8 mp.
You conjure some foxfire!
You now have 4/8 mp.
i - 3 scrolls labelled OSHUOC TYODAXA (gained 1)
Found Doddoiw's Magic Scroll Shoppe.
MP restored: 8
There is an entrance to Doddoiw's Magic Scroll Shoppe here.
C - a ring of protection from cold {rC+, !d}
C - a ring of protection from cold (right tentacle) {rC+, !d} You see here a +0 robe.
A necrophage comes into view.
You conjure some foxfire!
You now have 7/8 mp.
There is not enough space to conjure foxfire!
There is not enough space to conjure foxfire!
Unknown command.
What are your orders? t - Shout!
Orders for allies: a - Attack new target. r - Retreat! s - Stop attacking. g - Guard the area. f - Follow me.
Anything else - Cancel.
You shout for attention!
The foxfire hits the necrophage but does no damage.
You conjure some foxfire!
You now have 6/8 mp.
There is not enough space to conjure foxfire!
Unknown command.
There is not enough space to conjure foxfire!
The foxfire hits the necrophage. x2
You conjure some foxfire!
The foxfire hits the necrophage.
You now have 5/8 mp.
Okay, then.
Unknown command.
Flames lash the necrophage.
The necrophage's fire resistance burns away.
The necrophage hits you.
You feel drained.
You take 1 damage, and have 26/26 hp.
You now have 4/8 mp.
You miscast Scorch.
You are very lightly contaminated with residual magic.
Nothing appears to happen.
The necrophage hits you.
You take 1 damage, and have 25/26 hp.
You now have 2/8 mp.
Flames lash the necrophage.
The necrophage is burned terribly!
The necrophage hits you.
You take 2 damage, and have 23/26 hp.
You now have 0/8 mp.
The necrophage attacks as you move away!
The necrophage hits you!
You take 7 damage, and have 17/26 hp.
MASSIVE DAMAGE!!
Magic courses through your body. The necrophage misses you.
MP restored: 8 Flames lash the necrophage.
The necrophage is burned terribly!
You destroy the necrophage!
Your magical contamination has completely faded away.
Your life force feels restored.
You have reached level 5!
You feel stronger.
You regained 3 hp, and now have 20/31 hp.
You now have 6/10 mp.
Found a stone staircase leading up.
o - a scroll labelled FOAG OXIETEFUL Health restored: 31; MP restored: 10
There is a stone staircase leading up here.
There is a stone staircase leading up here.
p - a scroll labelled ULOOHASMUSE
Found a stone staircase leading down.
Found a stone staircase leading down.
There is a stone staircase leading down here.
There is a stone staircase leading down here.
s - 19 stones (gained 7)
You see here a +0 flail.
f - 4 scrolls labelled ICHANW HIUVOTE (gained 1) Done exploring.
Done exploring.
Done exploring.
This is a scroll of acquirement!
Something appears before you!
You now have enough gold to buy a scroll of blinking on this level.
You now have 1200 gold pieces (gained 1131).
You see here a book of the Spheres.
Something appears before you!
You pick up a book of the Spheres and begin reading...
You add the spells Iskenderun's Battlesphere, Fireball, Conjure Ball Lightning and Orb of Destruction to your library.
Something appears before you!
You now have 1725 gold pieces (gained 525).
Unknown command.

#####.######
...........#######
.................#
.####.####.#####.# .# #.#
#.......# #####.# #.####..#
......# #.# #..# ####### #.#
#..# #.# #.@# #.# #..#
####### #.# #..# #...... #.#
#..# #.##### #.# #..# #.#
#### #.# #..# #.#
...#######.## #..# #.#
.^..........###..##########.#
.#.#####.#.#.##.............#


There were no monsters in sight!

Vanquished Creatures
  A necrophage (D:2)
  3 gnolls (D:2)
  An adder (D:2)
  5 endoplasms
  4 goblins
  2 hobgoblins
  4 jackals (D:1)
  5 kobolds
  2 quokkas (D:1)
  2 ball pythons (D:1)
  3 bats
  A frilled lizard (D:2)
  A rat (D:1)
34 creatures vanquished.

Vanquished Creatures (others)
  115 foxfires
115 creatures vanquished.

Grand Total: 149 creatures vanquished

Notes
Turn   | Place    | Note
-------+----------+-------------------------------------------
     0 | D:1      | OTABOTABOTAB the Octopode Fire Elementalist began the quest
                  | for the Orb.
     0 | D:1      | Reached XP level 1. HP: 11/11 MP: 3/3
   263 | D:1      | You fall into a shaft and drop 1 floor!
   294 | D:2      | Reached XP level 2. HP: 17/17 MP: 0/5
   420 | D:2      | Learned a level 2 spell: Scorch
   559 | D:2      | Reached XP level 3. HP: 21/21 MP: 2/7
   596 | D:2      | Reached skill level 3 in Spellcasting
   889 | D:1      | Reached XP level 4. HP: 27/27 MP: 6/8
  1126 | D:1      | Reached skill level 2 in Conjurations
  1763 | D:2      | Found Doddoiw's Magic Scroll Shoppe.
  1860 | D:2      | Noticed a necrophage
  1880 | D:2      | Killed a necrophage
  1881 | D:2      | Reached XP level 5. HP: 20/31 MP: 6/10
  2166 | D:2      | Identified 4 scrolls of acquirement
  2166 | D:2      | Acquired 1131 gold pieces
  2168 | D:2      | Acquired a book of the Spheres
  2170 | D:2      | Acquired 525 gold pieces
  2172 | D:2      | Quit the game

Illustrated notes

Levels and vault maps discovered:
D:1:      dpeg_arrival_boxes_within_box, layout_basic
D:2:      layout_loops_ring, serial_shops, shop, nicolae_kite_square_tiling_tiny

Skill      XL: |  1  2  3  4 |
---------------+-------------+-----
Spellcasting   | 3 |  3.6
Conjurations   | 2 |  2.4
Dodging        | |  2.0
Stealth        | |  2.6
Fire Magic     | |  3.8

Action                     |  1- 3 |  4- 6 || total
---------------------------+-------+-------++-------
  Melee: Whip              |     2 |       ||     2
         Constrict         |     1 |       ||     1
   Cast: Foxfire           |    36 |    44 ||    80
         Scorch            |       |     3 ||     3
    Use: Potion            |       |     1 ||     1
         Scroll            |       |     3 ||     3
 Armour: Skin              |     1 |       ||     1
  Dodge: Dodged            |    17 |    13 ||    30

Table legend: (Time is in decaauts)
 A = Elapsed time spent in this place.
 B = Non-inter-level travel time spent in this place.
 C = Inter-level travel time spent in this place.
 D = Time resting spent in this place.
 E = Time spent auto-exploring this place.
 F = Levels seen in this place.
 G = Mean time per level.
                   A        B        C        D        E       F      G
               +--------+--------+--------+--------+--------+-----+--------+
         Total |   2169 |   2157 |     12 |    126 |   1731 |   2 | 1084.5 |
       Dungeon |   2169 |   2157 |     12 |    126 |   1731 |   2 | 1084.5 |
               +--------+--------+--------+--------+--------+-----+--------+

Top non-repeatable levels by time:
     D:1: 1237 daAuts
     D:2: 931 daAuts

Table legend:
 A = Kills in this place as a percentage of kills in entire the game.
 B = Kills by you in this place as a percentage of kills by you in the entire game.
 C = Kills by friends in this place as a percentage of kills by friends in the entire game.
 D = Other kills in this place as a percentage of other kills in the entire game.
 E = Experience gained in this place as a percentage of experience gained in the entire game.
 F = Experience gained in this place divided by the number of levels of this place that you have seen.
                   A       B       C       D       E      F
               +-------+-------+-------+-------+-------+----------------------
         Total | 100.0 | 100.0 |   N/A |   N/A | 100.0 |  93.5
       Dungeon | 100.0 | 100.0 |   N/A |   N/A | 100.0 |  93.5
               +-------+-------+-------+-------+-------+----------------------
